 Dungeon Crawl Stone Soup version 0.29.1-15-g9cfb28693d (webtiles) character file.

Game seed: 11080173266149680568

4289 PhantomBowie the Stinger (level 10, -1/61 HPs)
             Began as a Gargoyle Venom Mage on Mar 9, 2023.
             Was a Believer of Vehumet.
             Killed from afar by a rime drake (15 damage)
             ... with a flash freeze
             ... on level 8 of the Dungeon on Mar 11, 2023.
             The game lasted 01:20:48 (11326 turns).

PhantomBowie the Stinger (Gargoyle Venom Mage)     Turns: 11326, Time: 01:20:48

Health: -1/61      AC: 19    Str: 12    XL:     10   Next: 32%
Magic:  21/28      EV: 13    Int: 26    God:    Vehumet [**....]
Gold:   495        SH:  0    Dex: 10    Spells: 6/22 levels left

rFire   + . .      SeeInvis .   t - +1 dagger (vamp)
rCold   + . .      Faith    .   (no shield)
rNeg    + . .      Spirit   .   K - +0 steam dragon scales
rPois   ∞          Reflect  .   p - +1 helmet
rElec   +          Harm     .   I - +1 cloak
rCorr   +          Rampage  .   A - +1 pair of gloves
Will    .....                   x - +0 pair of boots
Stlth   ++........              (no amulet)
HPRegen 0.20/turn               g - +6 ring of intelligence
MPRegen 0.21/turn               q - ring of magical power

@: resistant
A: sickness immunity, AC +7, negative energy resistance 1, electricity
resistance, torment resistance 1, petrification resistance
a: Renounce Religion


You were on level 8 of the Dungeon.
You worshipped Vehumet.
Vehumet was pleased with you.
You visited 2 branches of the dungeon, and saw 9 of its levels.

You collected 495 gold pieces.

Inventory:

Hand Weapons
 t - a +1 vampiric dagger (weapon)
Missiles
 f - 7 atropa-tipped darts (quivered)
 G - 2 throwing nets
 J - 20 poisoned darts
Armour
 p - a +1 helmet (worn)
 x - a +0 pair of boots (worn)
 A - a +1 pair of gloves (worn)
 H - a +0 kite shield
 I - a +1 cloak (worn)
 K - +0 steam dragon scales (worn)
Jewellery
 d - a ring of ice
 g - a +6 ring of intelligence (left hand)
 h - a ring of fire
 q - a ring of magical power (right hand)
Wands
 n - a wand of charming (1)
 y - a wand of flame (2)
Scrolls
 c - a scroll of torment {unknown}
 i - a scroll of fog {unknown}
 j - 2 scrolls of vulnerability {unknown}
 m - a scroll of immolation {unknown}
 o - 3 scrolls of blinking
 r - 4 scrolls of poison
 v - 4 scrolls of magic mapping {unknown}
 z - a scroll of enchant weapon {unknown}
 C - 3 scrolls of teleportation {unknown}
 E - a scroll of amnesia {unknown}
Potions
 b - a potion of magic
 e - 2 potions of flight
 k - 3 potions of resistance
 l - 3 potions of curing
 s - a potion of attraction {unknown}
 u - a potion of invisibility {unknown}
 w - 2 potions of degeneration {unknown}
 B - a potion of cancellation {unknown}
 D - a potion of might {unknown}
 F - 3 potions of brilliance {unknown}


   Skills:
 + Level 6.5 Fighting
 + Level 4.1 Dodging
 - Level 2.1 Stealth
 + Level 6.6 Spellcasting
 - Level 3.1 Conjurations
 - Level 3.3 Transmutations
 + Level 4.3 Fire Magic
 - Level 3.0 Air Magic
 + Level 7.5 Poison Magic


You had 6 spell levels left.
You knew the following spells:

 Your Spells              Type           Power      Damage    Failure   Level
a - Sting                 Tmut/Pois      100%       1d8       1%          1
b - Poisonous Vapours     Pois/Air       72%        N/A       1%          2
c - Mephitic Cloud        Conj/Pois/Air  32%        N/A       3%          3
d - Olgreb's Toxic Radia  Pois           48%        N/A       2%          4
e - Fireball              Conj/Fire      13%        3d7       36%         5
f - Foxfire               Conj/Fire      100%       2x1d9     1%          1

Your spell library contained the following spells:

 Spells                   Type           Power      Damage    Failure   Level
 Scorch                   Fire           62%        2d8       1%          2
 Shock                    Conj/Air       96%        1d9       1%          1
 Swiftness                Air            24%        N/A       6%          3
 Airstrike                Air            12%        2d(2-18)  19%         4
 Starburst                Conj/Fire      13%        6d6       91%         6
 Ignition                 Fire           15%        3d6       100%        8


Dungeon Overview and Level Annotations

Branches:
Dungeon (8/15)             Temple (1/1) D:4
   Lair: D:8-11

Altars:
Ashenzari
Cheibriados
Dithmenos
Elyvilon
Fedhas
Gozag
Hepliaklqana
Makhleb
Nemelex Xobeh
Okawaru
Qazlal
Ru
Trog
Uskayaw
Vehumet
Wu Jian
Xom
The Shining One

Shops:
D:4 *   D:5 *

Annotations:
D:3 1 runed translucent door, Crazy Yiuf


Innate Abilities, Weirdness & Mutations

You are immune to sickness and miasma.
Your stone body is resilient. (AC +7)
You are immune to poison.
You resist negative energy. (rN+)
You are resistant to electric shocks. (rElec)
You are resistant to unholy torment.
You are immune to petrification.


Message History

* * * LOW HITPOINT WARNING * * *
You are encased in ice.
The rime drake closely misses you.
The rime drake bites you but does no damage.
Casting: Olgreb's Toxic Radiance (dangerous; 2% risk of failure)
Confirm with . or Enter, or press ? or * to list all spells.
You conjure some foxfire!
The rime drake is poisoned.
The foxfire hits the rime drake but does no damage.
The rime drake is lightly wounded.
The rime drake bites you but does no damage.
The rime drake misses you.
Casting: Foxfire (safe; 1% risk of failure)
Confirm with . or Enter, or press ? or * to list all spells.
You conjure some foxfire!
The rime drake looks even sicker.
Your toxic aura wanes.
The foxfire hits the rime drake.
The rime drake is heavily wounded.
The rime drake misses you. x2
Casting: Foxfire (safe; 1% risk of failure)
Confirm with . or Enter, or press ? or * to list all spells.
You conjure some foxfire!
The ice encasing you melts away.
The foxfire hits the rime drake.
The rime drake is moderately wounded.
The foxfire hits the rime drake!
The rime drake is heavily wounded.
The rime drake closely misses you. The rime drake bites you.
* * * LOW HITPOINT WARNING * * *
The rime drake bites you but does no damage.
Casting: Foxfire (safe; 1% risk of failure)
Confirm with . or Enter, or press ? or * to list all spells.
You conjure some foxfire!
The foxfire hits the rime drake but does no damage.
The rime drake is severely wounded.
The foxfire hits the rime drake.
The rime drake is severely wounded.
The rime drake closely misses you. The rime drake breathes ice at you.
The flash freeze hits you! You partially resist.
You die...

.###### #..# #.........##.....###
.# #..###.........##.....# .#
#..............######## .#
#..##########.## ###### .#
###..##########.######.....
.######..........................
...........##########k######.....
#######.#..# #§..# #k# #.....
#........[.# ##v@k# #.#########..
#.#####.#..# #.vkk# #............
#.# #......# #....###.#########..
#.###.#.#..# #.......k......# #..
#.....#.#..# ########.##..#.# ###
#######.#..######## #.##..#.#
..................# #.##..#.#
........#..######.# #.##..#.#
##.######..######[###.##..#.#####


You could see 3 rime drakes.

Vanquished Creatures
  Erica (D:8)
  Grinder (D:3)
  A wyvern (D:7)
  2 steam dragons
  Duvessa (D:5)
  3 black bears
  3 ogres
  An orc warrior (D:8)
  An ice beast (D:5)
  2 centaurs (D:6)
  A phantom (D:7)
  2 kobold brigands (D:7)
  3 bullfrogs
  3 gnoll sergeants (D:7)
  A necrophage (D:7)
  3 scorpions
  4 wights (D:6)
  Dowan (D:5)
  5 hounds
  A jelly (D:6)
  4 gnoll boudas
  5 orc priests
  Ijyb (D:3)
  An iguana (D:6)
  5 orc wizards
  Robin (D:3)
  19 gnolls
  9 adders
  A shadow imp (D:5)
  A white imp (D:5)
  An ufetubus (D:6)
  3 worms
  4 dart slugs
  21 orcs
  6 ball pythons
  4 endoplasms
  2 giant cockroaches
  15 goblins
  13 hobgoblins
  4 jackals
  18 kobolds
  3 quokkas
  8 bats
  2 frilled lizards
  7 rats
198 creatures vanquished.

Vanquished Creatures (collateral kills)
  A foxfire (D:7)
1 creature vanquished.

Vanquished Creatures (others)
  90 foxfires
  29 plants (D:7)
119 creatures vanquished.

Grand Total: 318 creatures vanquished

Notes
Turn   | Place    | Note
-------+----------+-------------------------------------------
     0 | D:1      | PhantomBowie the Gargoyle Venom Mage began the quest for
                  | the Orb.
     0 | D:1      | Reached XP level 1. HP: 10/10 MP: 3/3
    40 | D:1      | Reached skill level 1 in Transmutations
    73 | D:1      | Reached XP level 2. HP: 13/15 MP: 0/5
   562 | D:1      | Reached XP level 3. HP: 15/19 MP: 1/6
  1265 | D:2      | Found a faded altar of an unknown god.
  1572 | D:2      | Reached XP level 4. HP: 21/24 MP: 3/8
  1796 | D:2      | You fall into a shaft and drop 2 floors!
  1814 | D:4      | Noticed a black bear
  1900 | D:3      | Noticed Ijyb
  2050 | D:2      | Reached skill level 4 in Poison Magic
  2050 | D:2      | Reached XP level 5. HP: 22/28 MP: 3/9
  2053 | D:2      | Learned a level 2 spell: Poisonous Vapours
  2306 | D:3      | Noticed Grinder
  2759 | D:3      | Killed Ijyb
  2895 | D:3      | Noticed Robin
  2955 | D:3      | Killed Robin
  3186 | D:3      | Reached XP level 6. HP: 31/32 MP: 11/11
  3308 | D:3      | Paralysed by Grinder for 2 turns
  3335 | D:3      | Paralysed by Grinder for 4 turns
  3336 | D:3      | Killed Grinder
  3337 | D:3      | Reached skill level 1 in Fighting
  3337 | D:3      | Reached skill level 1 in Air Magic
  3715 | D:3      | Found a runed translucent door.
  3716 | D:3      | Noticed Crazy Yiuf
  3800 | D:3      | Reached XP level 7. HP: 26/39 MP: 12/12
  4081 | D:4      | Found a shadowy altar of Dithmenos.
  4155 | D:4      | Reached skill level 5 in Poison Magic
  4160 | D:4      | Found Kiocran's Neck Hole.
  4171 | D:4      | Found a staircase to the Ecumenical Temple.
  4205 | Temple   | Entered the Ecumenical Temple
  4227 | Temple   | Became a worshipper of Vehumet
  4339 | D:4      | Learned a level 3 spell: Mephitic Cloud
  4344 | D:4      | Learned a level 4 spell: Olgreb's Toxic Radiance
  4447 | D:5      | Entered Level 5 of the Dungeon
  4447 | D:5      | Noticed Duvessa
  4447 | D:5      | Noticed Dowan
  4778 | D:4      | Reached skill level 1 in Conjurations
  5144 | D:5      | Reached XP level 8. HP: 45/45 MP: 14/14
  5567 | D:5      | Killed Duvessa
  5679 | D:5      | Killed Dowan
  5756 | D:5      | Found Wuixil's General Store.
  6037 | D:5      | Found a hazy altar of Hepliaklqana.
  6879 | D:6      | Reached skill level 5 in Spellcasting
  7335 | D:6      | Reached skill level 6 in Poison Magic
  7343 | D:6      | Learned a level 5 spell: Fireball
  7512 | D:6      | Reached skill level 1 in Fire Magic
  7512 | D:6      | Reached XP level 9. HP: 50/52 MP: 16/16
  8570 | D:7      | Identified the +2 ring mail of Xodixtoa {Drain rN+ Dex+6
                  | Stlth-}
  8601 | D:7      | Identified the +9 arbalest of Division {flame, Will+++ MP-9
                  | Str+5 Int-4}
  8621 | D:6      | Reached * piety under Vehumet
  8621 | D:6      | Offered knowledge of Foxfire by Vehumet.
  8625 | D:6      | Learned a level 1 spell: Foxfire
  8664 | D:6      | Reached skill level 5 in Fighting
  9504 | D:7      | Reached ** piety under Vehumet
  9504 | D:7      | Offered knowledge of Scorch by Vehumet.
  9660 | D:7      | Reached skill level 7 in Poison Magic
 10150 | D:7      | Reached XP level 10. HP: 53/60 MP: 19/19
 10846 | D:8      | Noticed Erica
 10859 | D:8      | Killed Erica
 11003 | D:8      | Found the +4 skin of Zhor {*Englaciate rC+++ SInv}
 11326 | D:8      | Killed from afar by a rime drake

Illustrated notes

Levels and vault maps discovered:
D:1:      dpeg_arrival_arbitrary_b, layout_rooms, minmay_misc_feat_columns,
          serial_park_tiny_1, grunt_decor_mini_mirrors, minivault_25,
          minmay_pentomino_u4
D:2:      layout_basic, ebering_ecumenical_altar_hall
D:3:      layout_basic, st_stairs_3, uniq_crazy_yiuf_cottage, uniq_robin,
          uniq_ijyb, uniq_grinder
D:4:      layout_rooms, nicolae_dithmenos_shadow_blocks, temple_pool_b,
          nicolae_shop_sticking_my_neck_out
D:5:      layout_basic, lemuel_round_altar, serial_shops, shop, uniq_duvessa
D:6:      layout_gridville
D:7:      kennysheep_housing_project, layout_loops_ring
D:8:      layout_basic, minmay_statues_item, hellmonk_guarded_unrand_zhor,
          uniq_erica
Temple:   kb_temple_of_zot

Skill      XL: |  1  2  3  4  5  6  7  8  9 10 |
---------------+-------------------------------+-----
Transmutations | 1 2 3 |  3.3
Spellcasting   | 3 4 5 6 |  6.6
Poison Magic   | 4 5 6 7 |  7.5
Fighting       | 1 2 4 6 |  6.5
Air Magic      | 1 2 3 |  3.0
Conjurations   | 1 3 |  3.1
Dodging        | 2 3 4 |  4.1
Fire Magic     | 1 3 4 |  4.3
Stealth        | |  2.1

Action                   |  1- 3 |  4- 6 |  7- 9 | 10-12 || total
-------------------------+-------+-------+-------+-------++-------
Melee: Dagger            |    25 |    37 |    88 |     7 ||   157
       Unarmed           |     1 |       |       |       ||     1
       Punch             |     1 |       |     2 |       ||     3
Throw: Dart              |       |     7 |       |       ||     7
 Cast: Sting             |    61 |    90 |   254 |    13 ||   418
       Poisonous Vapours |       |     7 |    55 |     7 ||    69
       Foxfire           |       |       |    27 |    22 ||    49
       Olgreb's Toxic Ra |       |       |       |     3 ||     3
  Use: Potion            |       |       |     1 |     1 ||     2
       Scroll            |       |       |     5 |       ||     5
Armor: Robe              |    20 |    42 |   142 |     2 ||   206
       Steam dragon scal |       |       |       |    14 ||    14
Dodge: Dodged            |    33 |    52 |   182 |    19 ||   286
